 Dungeon Crawl Stone Soup version 0.28-b1-25-g9875b3fc8c (webtiles) character file.

Game seed: 10098058702363147148

650 adizb the Conjurer (level 7, -2/51 HPs)
             Began as a Red Draconian Conjurer on Feb 2, 2022.
             Was a Believer of Hepliaklqana.
             Slain by a gnoll (9 damage)
             ... on level 5 of the Dungeon.
             The game lasted 00:29:28 (3063 turns).

adizb the Conjurer (Red Draconian Conjurer)         Turns: 3063, Time: 00:29:28

Health: -2/51      AC:  7    Str:  9    XL:     7   Next: 28%
Magic:  10/12      EV: 13    Int: 19    God:    Hepliaklqana [**....]
Gold:   152        SH:  0    Dex: 16    Spells: 10/13 levels left

rFire   + . .      SeeInvis .   k - +1 dagger of Untimely Demise {freeze, rN+ Dex+5}
rCold   . . .      Faith    .   (no shield)
rNeg    + . .      Spirit   .   (armour unavailable)
rPois   .          Reflect  .   (helmet restricted)
rElec   .          Harm     .   (no cloak)
rCorr   .          Rampage  .   e - +0 pair of gloves
Will    .....                   (no boots)
Stlth   ++........              (no amulet)
HPRegen 0.17/turn               (no ring)
MPRegen 0.13/turn               (no ring)

@: no status effects
A: reduced essence, breathe fire, AC +6, unfitting armour, fire resistance 1,
cold-blooded
a: Breathe Fire, Renounce Religion, Recall Ancestor, Ancestor Identity


You were on level 5 of the Dungeon.
You worshipped Hepliaklqana.
Hepliaklqana was pleased with you.
You visited 1 branch of the dungeon, and saw 5 of its levels.

You collected 152 gold pieces.

Inventory:

Hand Weapons
 a - a +2 dagger of venom
 k - the +1 dagger of Untimely Demise (weapon) {freeze, rN+ Dex+5}
   (You found it on level 4 of the Dungeon)

   It freezes those it strikes, dealing additional cold damage.
   It can also slow down cold-blooded creatures.
   Dex:       It affects your dexterity (+5).
   rN:        It protects you from negative energy.
Missiles
 c - 2 javelins
Armour
 e - a +0 pair of gloves (worn)
Scrolls
 d - a scroll of identify
 l - a scroll of acquirement {unknown}
 m - a scroll of summoning {unknown}
Potions
 b - 2 potions of haste {unknown}
 f - 2 potions of magic {unknown}
 g - 3 potions of curing {unknown}
 h - a potion of lignification {unknown}
 i - 2 potions of heal wounds {unknown}
 j - a potion of brilliance {unknown}


   Skills:
 + Level 3.4 Fighting
 + Level 3.1 Short Blades
 + Level 3.6 Dodging
 - Level 2.1 Stealth
 + Level 3.7 Spellcasting
 + Level 5.3 Conjurations


You had 10 spell levels left.
You knew the following spells:

 Your Spells              Type           Power      Damage    Failure   Level
a - Magic Dart            Conj           92%        1d7       1%          1
b - Searing Ray           Conj           46%        2d6       2%          2

Your spell library contained the following spells:

 Spells                   Type           Power      Damage    Failure   Level
 Apportation              Tloc           6%         N/A       14%         1
 Dazzling Flash           Conj/Hex       26%        N/A       14%         3
 Gell's Gravitas          Tloc           3%         N/A       38%         3
 Teleport Other           Tloc           3%         N/A       38%         3
 Fulminant Prism          Conj/Hex       6%         3d7       43%         4
 Iskenderun's Mystic Bla  Conj/Tloc      13%        2d5       43%         4
 Alistair's Intoxication  Tmut/Pois      2%         N/A       98%         5
 Dispersal                Tloc           1%         N/A       100%        6


Dungeon Overview and Level Annotations

Branches:
Dungeon (5/15)
 Temple: D:4-7

Altars:
Hepliaklqana

Shops:
D:3 *   D:4 *


Innate Abilities, Weirdness & Mutations

Your life essence is reduced to manifest your ancestor. (-10% HP)
You can breathe blasts of fire.
Your fiery red scales are hard. (AC +6)
You cannot fit into any form of body armour.
Your flesh is heat resistant. (rF+)
You are cold-blooded and may be slowed by cold attacks.


Message History

Things that are here:
a +1 halberd of pain; a gnoll corpse Gladwin hits the gnoll with a +0 flail!
The gnoll misses you.
The gnoll hits Gladwin with a +0 halberd.
You hit the gnoll. You freeze the gnoll.
You kill the gnoll!
The gnoll hits you from afar with a +0 spear.
The gnoll hits you from afar with a +2 vorpal halberd.
Gladwin closely misses the gnoll.
The gnoll barely misses you. The gnoll closely misses you.
You see here a +0 halberd.
You completely miss the gnoll.
Gladwin hits the gnoll with a +0 flail.
The gnoll hits you with a +0 spear.
You hit the gnoll but do no damage.
You tail-slap the gnoll, but do no damage.
The gnoll is heavily wounded.
The gnoll misses you.
You closely miss the gnoll.
The gnoll is heavily wounded.
Gladwin barely misses the gnoll.
The gnoll hits you with a +0 spear.
The gnoll shaman calls upon its god to heal the gnoll.
The gnoll is healed somewhat.
You hear a shout!
You hit the gnoll. You freeze the gnoll.
The gnoll is moderately wounded.
The gnoll closely misses you.
The gnoll hits you with a +2 vorpal halberd!
* * * LOW HITPOINT WARNING * * *
x2 The gnoll shaman hits Gladwin with a +0 club.
A gnoll comes into view. It is wielding a +0 spear.
The gnoll shouts!
Gladwin closely misses the gnoll shaman.
The gnoll hits you from afar with a +0 spear.
* * * LOW HITPOINT WARNING * * *
The gnoll barely misses you.
The gnoll moves out of view.
Gladwin hits the gnoll shaman with a +0 flail.
There is a stone staircase leading down here.
The gnoll barely misses you.
The gnoll hits you from afar with a +2 vorpal halberd!
You die...

######## ####......## .....
#####..........# .......
#...#..........##.......
###.......................
#...............###.......
#.............@.g.........
#.............gRg.........
#..............<..........
#.........#.#+#.).)....##
##..............g..........
#...................<......
#.............#...######...
#.........##........# ..
#.......#.#..#......... .


You could see the friendly Gladwin the knight, a gnoll shaman (ally target) and
3 gnolls.

Vanquished Creatures
  2 orc priests
  A hound (D:4)
  A jelly (D:5)
  An iguana (D:5)
  3 orc wizards
  A gnoll (D:5)
  7 adders
  4 dart slugs
  16 orcs
  7 endoplasms
  A giant cockroach (D:2)
  8 goblins
  4 hobgoblins
  10 jackals
  A quokka (D:2)
  4 ball pythons
  3 bats
  3 frilled lizards
  6 kobolds
  9 rats
92 creatures vanquished.

Vanquished Creatures (collateral kills)
  An ice beast (D:5)
  A scorpion (D:5)
  A jelly (D:4)
  A hound (D:5)
  A gnoll (D:5)
  2 adders (D:4)
  5 orcs
  An endoplasm (D:4)
  A giant cockroach (D:3)
  A jackal (D:4)
  3 ball pythons
18 creatures vanquished.

Vanquished Creatures (others)
  7 plants (D:2)
7 creatures vanquished.

Grand Total: 117 creatures vanquished

Notes
Turn   | Place    | Note
-------+----------+-------------------------------------------
     0 | D:1      | adizb the Draconian Conjurer began the quest for the Orb.
     0 | D:1      | Reached XP level 1. HP: 14/14 MP: 3/3
    84 | D:1      | Reached XP level 2. HP: 17/20 MP: 3/5
   144 | D:1      | HP: 1/20 [poisoned by a goblin]
   338 | D:1      | Learned a level 2 spell: Searing Ray
   646 | D:1      | Reached XP level 3. HP: 27/27 MP: 3/6
   741 | D:1      | Found a faded altar of an unknown god.
   748 | D:1      | Got Plato's Almanac of Attacks
  1148 | D:2      | Found a hazy altar of Hepliaklqana.
  1164 | D:2      | Became a worshipper of Hepliaklqana the Forgotten
  1339 | D:2      | Reached skill level 1 in Fighting
  1543 | D:2      | Reached skill level 1 in Short Blades
  1575 | D:2      | Reached XP level 4. HP: 32/35 MP: 7/7
  1934 | D:3      | Found Taigorch's Assorted Antiques.
  1934 | D:3      | Reached * piety under Hepliaklqana
  2152 | D:3      | Reached XP level 5. HP: 18/36 MP: 3/9
  2539 | D:4      | Identified the +1 dagger of Untimely Demise {freeze, rN+
                  | Dex+5}
  2563 | D:4      | Reached XP level 6. HP: 29/43 MP: 7/10
  2657 | D:4      | Found Imacked's General Store.
  2828 | D:5      | Entered Level 5 of the Dungeon
  2872 | D:5      | Reached skill level 5 in Conjurations
  2929 | D:5      | Reached ** piety under Hepliaklqana
  2930 | D:5      | Remembered your ancestor Gladwin as a knight
  2938 | D:5      | Noticed an ice beast
  2949 | D:5      | Killed an ice beast
  2950 | D:5      | Your scales start taking on a fiery red colour.
  2950 | D:5      | Reached XP level 7. HP: 36/51 MP: 4/12
  2950 | D:5      | Gained mutation: Your flesh is heat resistant. (rF+) [Red
                  | Draconian growth]
  3063 | D:5      | Slain by a gnoll

Illustrated notes

Levels and vault maps discovered:
D:1:      beargit_arrival_greenhouse, layout_loops_ring,
          shapermc_ecumenical_altar_rom_forum, lemuel_flame_loot_1
D:2:      layout_loops_corners, basic_altar, kennysheep_small_spiral,
          serial_bayou_lake_a
D:3:      layout_basic, serial_shops, nicolae_shop_window_shopping,
          nrook_campfire, minmay_misc_feat_doors
D:4:      layout_cave_pools, serial_shops, nicolae_inconvenience_store
D:5:      layout_basic, hangedman_decor_clover_reticule

Skill      XL: |  1  2  3  4  5  6  7 |
---------------+----------------------+-----
Stealth        | 2 |  2.1
Dodging        | 2 3 |  3.6
Fighting       | 1 2 3 |  3.4
Short Blades   | 1 2 3 |  3.1
Spellcasting   | 3 |  3.7
Conjurations   | 5 |  5.3

Action                   |  1- 3 |  4- 6 |  7- 9 || total
-------------------------+-------+-------+-------++-------
Melee: Dagger            |    95 |   106 |     8 ||   209
       Unarmed           |     6 |       |       ||     6
       Tailslap          |    13 |    16 |     2 ||    31
       Punch             |     1 |       |       ||     1
 Cast: Magic Dart        |    23 |    36 |     3 ||    62
       Searing Ray       |       |     4 |     1 ||     5
Invok: Ancestor Life: Kn |       |     1 |       ||     1
 Abil: Breathe Fire      |       |       |     2 ||     2
  Use: Scroll            |     3 |       |       ||     3
 Stab: Sleeping          |     6 |       |       ||     6
Armor: Skin              |    28 |    24 |       ||    52
Dodge: Dodged            |    45 |    70 |     9 ||   124
